 Dungeon Crawl Stone Soup version 0.31-a0-1321-g5021b54cb2 (webtiles) character file.

Game seed: 3868412584569876729

18974 Curundu the Basher (level 12, -7/112 HPs)
             Began as a Minotaur Berserker on Dec 20, 2023.
             Was a High Priest of Trog.
             Mangled by an orc warlord
             ... wielding a +0 great mace
              (19 damage)
             ... on level 2 of the Orcish Mines.
             The game lasted 00:40:15 (10296 turns).

Curundu the Basher (Minotaur Berserker)            Turns: 10296, Time: 00:40:16

Health: -7/112     AC: 28    Str: 25    XL:     12   Next: 32%
Magic:  0/20       EV:  9    Int:  7    God:    Trog [*****.]
Gold:   938        SH:  0    Dex: 10    Spells: 11/11 levels left

rFire   + + .        E - +10 flail "Enenerre" {drain, Int+3}
rCold   x . .        (no shield)
rNeg    + . .        a - +8 plate armour of Whack-A-Mole {rN+ rCorr MP+9}
rPois   .            (helmet restricted)
rElec   .            f - +0 cloak
rCorr   +            t - +0 pair of gloves
SInv    +            M - +0 pair of boots
Will    +....        j - amulet of guardian spirit
Stlth   x              - ring of fire
HPRegen 0.38/turn    C - ring "Mowito" {+Blink rF+ Will+ Str-2 SInv}
MPRegen 0.17/turn

%: guardian spirit
@: on berserk cooldown, slowed, very slow
A: horns 2, retaliatory headbutt
a: Renounce Religion, Evoke Blink, Berserk, Trog's Hand, Brothers in Arms


You were on level 2 of the Orcish Mines.
You worshipped Trog.
Trog was extremely pleased with you.
You visited 2 branches of the dungeon, and saw 13 of its levels.

You collected 1013 gold pieces.
You spent 75 gold pieces at shops.

Inventory:

Hand Weapons
 y - a +2 vampiric spear
 E - the +10 flail "Enenerre" (weapon) {drain, Int+3}
   (You found it on level 6 of the Dungeon)

   Int+3:     It affects your intelligence (+3).
Missiles
 n - 3 throwing nets
 H - 4 poisoned darts
 K - 3 atropa-tipped darts
 O - 10 boomerangs
Armour
 a - the +8 plate armour of Whack-A-Mole (worn) {rN+ rCorr MP+9}
   (You found it on level 6 of the Dungeon)

   rN+:       It protects you from negative energy.
   MP+9:      It affects your magic capacity (+9).
   rCorr:     It protects you from acid and corrosion.
 f - a +0 cloak (worn)
 t - a +0 pair of gloves (worn)
 M - a +0 pair of boots (worn)
Jewellery
 j - an amulet of guardian spirit (around neck)
 p - a ring of magical power
 u - a +6 ring of intelligence
 x - a ring of fire (left hand)
 C - the ring "Mowito" (right hand) {+Blink rF+ Will+ Str-2 SInv}
   (You found it on level 6 of the Dungeon)

   [ring of protection from fire]

   Str-2:     It affects your strength (-2).
   rF+:       It protects you from fire.
   Will+:     It increases your willpower.
   SInv:      It lets you see invisible.
   +Blink:    It lets you blink.
Wands
 k - a wand of polymorph (7)
 v - a wand of charming (6)
 D - a wand of flame (15)
 I - a wand of roots (9)
Scrolls
 c - 3 scrolls of immolation
 d - 4 scrolls of identify
 g - a scroll of enchant armour {unknown}
 h - 3 scrolls of noise {unknown}
 l - 3 scrolls of poison {unknown}
 m - 8 scrolls of teleportation
 o - 2 scrolls of amnesia {unknown}
 F - 2 scrolls of fear
 N - a scroll of blinking
Potions
 b - 2 potions of curing {unknown}
 e - a potion of berserk rage
 i - 3 potions of enlightenment {unknown}
 q - 3 potions of brilliance
 r - a potion of ambrosia {unknown}
 s - a potion of haste {unknown}
 z - a potion of attraction {unknown}
 A - a potion of degeneration {unknown}
 B - 2 potions of magic
 G - a potion of lignification {unknown}
 J - a potion of resistance {unknown}
 L - a potion of might {unknown}


   Skills:
 + Level 12.3 Fighting
 + Level 7.0(12.1) Axes
 + Level 13.4(14.1) Maces & Flails
 + Level 7.9(9.1) Polearms
 + Level 12.4 Armour
 + Level 5.4 Dodging
 + Level 1.8 Stealth


You had 11 spell levels left.
You didn't know any spells.
Your spell library contained the following spells:

 Spells                   Type           Power      Damage    Failure   Level
 Slow                     Hex            0%         N/A       99%         1
 Confusing Touch          Hex            0%         N/A       100%        3
 Sigil of Binding         Hex            0%         N/A       100%        3
 Vampiric Draining        Necr           0%         2d6       100%        3
 Cause Fear               Hex            0%         N/A       100%        4
 Fireball                 Conj/Fire      0%         3d3       100%        5
 Dragon's Call            Summ           0%         N/A       100%        9


Dungeon Overview and Level Annotations

Branches:
Dungeon (11/15)            Temple (0/1) D:6             Orc (2/2) D:11
    Elf (0/3) Orc:2
   Lair: D:8-11

Altars:
Sif Muna
Trog
Vehumet
Yredelemnul

Shops:
D:9 =   D:11 *!   Orc:2 *=

Portals:
Volcano: Orc:2


Innate Abilities, Weirdness & Mutations

You have a pair of horns on your head.
You reflexively headbutt those who attack you in melee.


Message History

You bludgeon the sun demon!! You headbutt the sun demon.
You kill the sun demon!
The sun demon disappears in a puff of smoke!
The orc sorcerer no longer looks unusually strong.
You closely miss the neqoxec.
The neqoxec disappears in a puff of smoke!
You bludgeon the neqoxec!! You headbutt the neqoxec.
You feel the power of Trog in you as your rage grows.
You kill the neqoxec!
The neqoxec disappears in a puff of smoke!
The orc warlord roars a battlecry!
The orc sorcerer goes into a battle-frenzy!
The orc high priest hits you from afar with a +0 glaive!
* * * LOW HITPOINT WARNING * * *
The orc high priest calls down the wrath of Beogh upon you.
Beogh smites you!
* * * LOW HITPOINT WARNING * * *
The orc warlord hits you with a +0 great mace.
* * * LOW HITPOINT WARNING * * *
You sock the orc warlord! Your headbutt misses the orc warlord.
The orc warlord is moderately wounded.
The orc sorcerer mumbles some strange words.
You bludgeon the orc warlord!! You headbutt the orc warlord!
The orc warlord is heavily wounded.
The orc warlord hits you with a +0 great mace.
* * * LOW HITPOINT WARNING * * *
The orc high priest barely misses you.
You sock the orc warlord!
The orc warlord is severely wounded.
You are no longer berserk.
You are exhausted.
You feel yourself slow down. The orc sorcerer barely misses you.
The ice devil closely misses you. You furiously retaliate!
You headbutt the ice devil! You hit the orc warlord.
You headbutt the orc warlord, but do no damage.
The orc warlord is severely wounded.
The ice devil disappears in a puff of smoke!
The orc warlord hits you with a +0 great mace!!
You die...

..#.# #.......#.###..............
...## ##.##...######.........##.#
)..##. #.#.####.##..........# .
....#.## #....##..............#
........ ###.##........#.......
#.......##....#........##......
#........<...#.§.4....# #........
#...........##.##o....###......P.
.#.............§@oo.....##.......
........._.....#o#4.......5....P.
......#......#.###.......4......8
.....#......#...####.....3#......
....#...))).....###.......53.....
....##.)..)......####....)5......
.........)........# #..###.....P.
..................# #### ##......
..................## ##.....


You could see an orc warlord, an orc knight (strong), an orc high priest
(strong), a hellwing (summoned), an orc sorcerer (strong) and a red devil
(summoned).

Vanquished Creatures
  An ettin (Orc:2)
  Erolcha (D:10)
  A two-headed ogre (D:11)
  The ghost of pajopajo the Changeling, a novice TrSh of Uskayaw (D:7)
  3 orc knights (Orc:2)
  A harpy (shapeshifter) (D:11)
  2 orc sorcerers (Orc:2)
  A cyclops (D:11)
  Joseph (D:10)
  A gargoyle (D:11)
  An unseen horror (D:11)
  A merfolk (D:9)
  3 trolls
  Prince Ribbit (D:9)
  11 yaks
  A wyvern (D:9)
  4 wraiths
  8 vampire mosquitoes (D:10)
  Duvessa (D:6)
  A water moccasin (D:7)
  2 ice beasts
  27 orc warriors
  4 black bears
  A sky beast (D:6)
  5 centaurs
  4 ogres
  The ghost of horus123 the Shooter, an amateur HuWn (D:3)
  3 phantoms
  2 kobold brigands
  4 bullfrogs
  A wyvern zombie (D:6)
  3 gnoll sergeants
  2 scorpions (D:5)
  6 wights
  Dowan (D:6)
  11 killer bees
  2 howler monkeys
  A bullfrog zombie (D:6)
  7 hounds
  A gnoll bouda (D:7)
  13 orc priests
  4 iguanas
  2 jellies
  2 sleepcaps
  25 orc wizards
  18 gnolls
  10 adders
  3 white imps
  6 ufetubi
  2 worms
  2 dart slugs
  60 orcs
  11 endoplasms
  A giant cockroach (D:2)
  9 goblins
  5 hobgoblins
  20 jackals
  5 quokkas
  2 ball pythons (D:2)
  A bat (D:3)
  4 frilled lizards
  13 kobolds
  3 rats
354 creatures vanquished.

Vanquished Creatures (collateral kills)
  The ghost of holymoly the Trooper, a novice HOCA of Ignis (D:6)
1 creature vanquished.

Grand Total: 355 creatures vanquished

Notes
Turn   | Place    | Note
-------+----------+-------------------------------------------
     0 | D:1      | Curundu the Minotaur Berserker began the quest for the Orb.
     0 | D:1      | Reached XP level 1. HP: 19/19 MP: 0/0
    75 | D:1      | Reached XP level 2. HP: 18/27 MP: 1/1
   522 | D:1      | Reached ** piety under Trog
   534 | D:1      | Reached XP level 3. HP: 20/33 MP: 2/2
  1091 | D:2      | Reached XP level 4. HP: 35/40 MP: 3/3
  1096 | D:2      | Reached skill level 5 in Polearms
  1490 | D:3      | Found a runed translucent door.
  1632 | D:3      | Reached XP level 5. HP: 44/47 MP: 4/4
  1735 | D:3      | Reached *** piety under Trog
  2030 | D:3      | Noticed horus123's ghost (amateur HuWn)
  2085 | D:3      | Killed horus123's ghost
  2086 | D:3      | Reached skill level 5 in Fighting
  2086 | D:3      | Reached XP level 6. HP: 47/56 MP: 1/5
  3120 | D:5      | Entered Level 5 of the Dungeon
  3173 | D:5      | Reached skill level 1 in Axes
  3173 | D:5      | Reached XP level 7. HP: 56/61 MP: 6/6
  3242 | D:5      | Reached **** piety under Trog
  3303 | D:5      | Reached skill level 5 in Armour
  4183 | D:5      | Reached XP level 8. HP: 21/70 MP: 1/7
  4477 | D:5      | Reached skill level 5 in Axes
  4509 | D:5      | Reached skill level 1 in Stealth
  4663 | D:6      | Identified the ring "Mowito" {+Blink rF+ Will+ Str-2 SInv}
  4670 | D:6      | Noticed Duvessa
  4671 | D:6      | Noticed Dowan
  4681 | D:6      | Killed Duvessa
  4706 | D:6      | Killed Dowan
  4805 | D:6      | Identified the +10 flail "Enenerre" {drain, Int+3}
  4872 | D:6      | Identified the +8 plate armour of Whack-A-Mole {rN+ rCorr
                  | MP+9}
  4883 | D:6      | Reached XP level 9. HP: 58/78 MP: 5/8
  4888 | D:6      | Reached skill level 1 in Maces & Flails
  5172 | D:6      | Found a staircase to the Ecumenical Temple.
  5238 | D:6      | Found a runed translucent gate.
  5238 | D:6      | Found a runed translucent gate.
  5238 | D:6      | Found a runed translucent gate.
  5238 | D:6      | Noticed holymoly's ghost (novice HOCA)
  5241 | D:6      | Found a basalt altar of Yredelemnul.
  5247 | D:6      | Reached skill level 2 in Maces & Flails
  5263 | D:6      | Killed holymoly's ghost
  5264 | D:6      | Reached skill level 4 in Maces & Flails
  5264 | D:6      | Reached skill level 5 in Dodging
  5608 | D:7      | Found a runed translucent gate.
  5608 | D:7      | Found a runed translucent gate.
  5611 | D:7      | Found a runed translucent gate.
  5612 | D:7      | Noticed pajopajo's ghost (novice TrSh)
  5686 | D:7      | Reached skill level 5 in Maces & Flails
  5767 | D:7      | Killed pajopajo's ghost
  5768 | D:7      | Reached skill level 6 in Maces & Flails
  5768 | D:7      | Reached XP level 10. HP: 69/88 MP: 9/9
  5785 | D:7      | Identified the +1 pair of boots of Orusoim {Will- Regen+
                  | SInv Stlth+}
  5895 | D:7      | Reached skill level 7 in Maces & Flails
  6661 | D:8      | You fall into a shaft and drop 1 floor!
  6693 | D:9      | Reached ***** piety under Trog
  6694 | D:9      | Reached skill level 8 in Maces & Flails
  6769 | D:9      | Noticed Prince Ribbit
  6776 | D:9      | Killed Prince Ribbit
  6867 | D:9      | Found a radiant altar of Vehumet.
  6888 | D:9      | Received a gift from Trog
  6898 | D:9      | Reached skill level 9 in Maces & Flails
  7050 | D:9      | Reached skill level 10 in Armour
  7219 | D:9      | Identified the +4 short sword of Focus {vamp, rC+ Stlth+}
  7535 | D:9      | Found Suate's Jewellery Shop.
  7603 | D:10     | Entered Level 10 of the Dungeon
  7616 | D:10     | Reached skill level 10 in Maces & Flails
  7669 | D:10     | Reached XP level 11. HP: 84/97 MP: 10/10
  8113 | D:10     | Noticed Erolcha
  8116 | D:10     | Reached skill level 10 in Fighting
  8129 | D:10     | Killed Erolcha
  8237 | D:10     | Found a shimmering blue altar of Sif Muna.
  8248 | D:10     | Noticed Joseph
  8254 | D:10     | Killed Joseph
  8625 | D:11     | Found Onon's CLEARANCE SALE!.
  8788 | D:11     | Reached skill level 11 in Maces & Flails
  8853 | D:11     | Noticed a two-headed ogre
  8858 | D:11     | Killed a two-headed ogre
  8887 | D:11     | Found a staircase to the Orcish Mines.
  8997 | D:11     | Noticed a harpy
  9013 | D:11     | Killed a harpy
  9148 | D:11     | Reached skill level 12 in Maces & Flails
  9217 | D:11     | Found Nuanuxas's Distillery.
  9220 | D:11     | Bought a potion of berserk rage for 75 gold pieces
  9510 | Orc:1    | Entered Level 1 of the Orcish Mines
  9634 | Orc:2    | Entered Level 2 of the Orcish Mines
  9636 | Orc:2    | Noticed an orc knight
  9655 | Orc:2    | Killed an orc knight
  9727 | Orc:2    | Found Eprorch's General Store.
  9727 | Orc:2    | Noticed an orc knight
  9745 | Orc:2    | Killed an orc knight
  9746 | Orc:2    | Reached XP level 12. HP: 100/111 MP: 11/11
  9804 | Orc:2    | Found a staircase to the Elven Halls.
  9883 | Orc:2    | Received a gift from Trog
  9918 | Orc:2    | Found a dark tunnel.
  9922 | Orc:2    | Noticed an ettin
  9933 | Orc:2    | Killed an ettin
  9934 | Orc:2    | Reached skill level 13 in Maces & Flails
 10135 | Orc:2    | Found a bloodstained altar of Trog.
 10248 | Orc:2    | Noticed an orc warlord
 10249 | Orc:2    | Found Baeppouw's Jewellery Shop.
 10249 | Orc:2    | Noticed an orc high priest
 10296 | Orc:2    | Mangled by an orc warlord

Illustrated notes

Levels and vault maps discovered:
D:1:      tarquinn_simple_flora_water_a, layout_rooms
D:2:      cheibrodos_pilgrimage, layout_basic, minmay_misc_feat_hallway,
          nicolae_concentric_dashed_squares_wild
D:3:      layout_rooms, ebering_ghost_reflecting_pool
D:4:      layout_loops_ring, minmay_hedge_maze
D:5:      kennysheep_windowed_halls, layout_basic, minmay_splitting_lines
D:6:      layout_loops_ring, nicolae_yredelemnul_ghost_church,
          minmay_temple_entry_glassed_door, uniq_duvessa
D:7:      layout_loops_ring, biasface_ghost_orc_armoury, kennysheep_doodads,
          minmay_between
D:8:      layout_basic, nicolae_qazlal_style_of_elements, lair_entry_dummy,
          uniq_pikel
D:9:      layout_basic, nicolae_overflow_hidden_temple, serial_shops,
          nicolae_shop_back_alley_shop, hangedman_fish_farm, uniq_prince_ribbit1
D:10:     layout_loops_ring, lemuel_doored_altar, uniq_erolcha, uniq_joseph
D:11:     layout_basic, david_orc_1_choice, serial_shops,
          nicolae_shop_real_fake_doors, nicolae_shop_clearance
Orc:1:    layout_caves, roderic_batcave, uniq_fannar
Orc:2:    grunt_orc_gardens, layout_diamond_mine, grunt_orc_garden,
          grunt_orc_garden, grunt_orc_garden, grunt_orc_garden, basic_altar,
          enter_volcano_2

Skill      XL: |  1  2  3  4  5  6  7  8  9 10 11 12 |
---------------+-------------------------------------+-----
Polearms       | 4 5 6 7 |  7.9
Fighting       | 4 5 6 8 9 11 12 | 12.3
Dodging        | 3 4 5 |  5.4
Armour         | 3 4 5 7 9 10 12 | 12.4
Axes           | 1 4 6 7 |  7.0
Stealth        | 1 |  1.8
Maces & Flails | 6 10 12 13 | 13.4

Action                     |  1- 3 |  4- 6 |  7- 9 | 10-12 || total
---------------------------+-------+-------+-------+-------++-------
  Melee: Spear             |   114 |    90 |    50 |       ||   254
         Headbutt          |    18 |    49 |    48 |    86 ||   201
         Punch             |       |     2 |     5 |     2 ||     9
         Hand axe          |       |   126 |    68 |       ||   194
         Flail             |       |       |    97 |   469 ||   566
  Throw: Throwing net      |       |     1 |       |       ||     1
 Invoke: Trog's Hand       |       |     1 |     1 |       ||     2
         Brothers in Arms  |       |       |     1 |     1 ||     2
    Use: Scroll            |       |       |     2 |     3 ||     5
         Potion            |       |       |       |     4 ||     4
 Armour: Animal skin       |    50 |     2 |       |       ||    52
         Chain mail        |       |   155 |   131 |       ||   286
         Plate armour      |       |       |    79 |   502 ||   581
  Dodge: Dodged            |    70 |    94 |   132 |   221 ||   517

Table legend: (Time is in decaauts)
 A = Elapsed time spent in this place.
 B = Non-inter-level travel time spent in this place.
 C = Inter-level travel time spent in this place.
 D = Time resting spent in this place.
 E = Time spent auto-exploring this place.
 F = Levels seen in this place.
 G = Mean time per level.
                   A        B        C        D        E       F      G
               +--------+--------+--------+--------+--------+-----+--------+
         Total |  10208 |  10208 |      0 |    290 |   7064 |  13 |  785.2 |
       Dungeon |   9473 |   9473 |      0 |    180 |   6780 |  11 |  861.2 |
  Orcish Mines |    735 |    735 |      0 |    110 |    284 |   2 |  367.5 |
               +--------+--------+--------+--------+--------+-----+--------+

Top non-repeatable levels by time:
     D:5: 1523 daAuts
     D:7: 1176 daAuts
    D:11: 1006 daAuts
     D:4: 998 daAuts
     D:9: 932 daAuts
    D:10: 888 daAuts
     D:6: 821 daAuts
     D:1: 729 daAuts
     D:3: 694 daAuts
     D:2: 685 daAuts
   Orc:2: 616 daAuts
   Orc:1: 119 daAuts
     D:8: 16 daAuts
